 Dungeon Crawl Stone Soup version 0.19-a0-465-g1d1674b (webtiles) character file.

49 Kidiri the Magician (level 3, -2/19 HPs)
             Began as a Deep Elf Fire Elementalist on June 3, 2016.
             Killed from afar by Ijyb (21 damage)
             ... with a wand of lightning
             ... on level 2 of the Dungeon.
             The game lasted 00:04:28 (1645 turns).

Kidiri the Magician (Deep Elf Fire Elementalist)    Turns: 1645, Time: 00:04:29

Health: -2/19      AC:  2    Str:  5    XL:     3   Next: 53%
Magic:  8/10       EV: 13    Int: 20    God:
Gold:   83         SH:  0    Dex: 15    Spells: 4 memorised, 1 level left

rFire  . . .     SeeInvis .     i - +1 dagger
rCold  . . .     Gourm    .     a - +0 robe
rNeg   . . .     Faith    .     (no shield)
rPois  .         Spirit   .     (no helmet)
rElec  .         Dismiss  .     (no cloak)
rCorr  .         Reflect  .     (no gloves)
SustAt .         Harm     .     (no boots)
MR     .....                    j - amulet of regeneration
Stlth  ++........               (no ring)
                                (no ring)

@: not resistant to hostile enchantments, unstealthy
A: no striking features
a: no special abilities


You were on level 2 of the Dungeon.
You were hungry.

You visited 1 branch of the dungeon, and saw 2 of its levels.

You collected 83 gold pieces.

Inventory:

Hand Weapons
 i - a +1 dagger (weapon)
Armour
 a - a +0 robe (worn)
 l - a +0 leather armour
Jewellery
 j - an amulet of regeneration (around neck)
Scrolls
 d - a scroll of amnesia
Potions
 e - 2 potions of cure mutation {unknown}
 g - 3 potions of heal wounds {unknown}
 n - a potion of agility
 o - a potion of haste {unknown}
 q - a potion of cancellation {unknown}
Books
 b - a book of Flames

   Spells                             Type                      Level
   a - Flame Tongue                   Conjuration/Fire             1
   b - Throw Flame                    Conjuration/Fire             2
   c - Conjure Flame                  Conjuration/Fire             3
   d - Inner Flame                    Hexes/Fire                   3
   e - Sticky Flame                   Conjuration/Fire             4
   f - Fireball                       Conjuration/Fire             5
Comestibles
 c - a bread ration
 f - a meat ration
 k - 4 fruits


   Skills:
 - Level 2.4 Dodging
 - Level 2.4 Stealth
 * Level 4.0 Spellcasting
 * Level 2.3 Conjurations
 * Level 3.8 Fire Magic


You had one spell level left.
You knew the following spells:

 Your Spells              Type           Power        Failure   Level  Hunger
a - Flame Tongue          Conj/Fire      ###..        3%          1    None
b - Throw Flame           Conj/Fire      ###...       6%          2    #......
c - Conjure Flame         Conj/Fire      ###.....     12%         3    ###....
d - Inner Flame           Hex/Fire       ##......     21%         3    ###....


Dungeon Overview and Level Annotations

Branches:
Dungeon (2/15)

Altars:

Annotations:
D:2 Ijyb


Message History

Aim: a goblin, wielding a club The puff of flame hits the goblin.
You kill the goblin!
Casting: Throw Flame
Confirm with . or Enter, or press ? or * to list all spells.
You can't see any susceptible monsters within range! (Use Z to cast anyway.) Unknown command.
There is a stone staircase leading down here.
Ijyb the Twisted Goblin comes into view.
He is wielding a dagger.
Casting: Throw Flame
Confirm with . or Enter, or press ? or * to list all spells.
Aiming: Throw Flame
Press: ? - help, Shift-Dir - straight line, f - Ijyb
Aim: Ijyb, wielding a dagger (resting)
The puff of flame hits Ijyb.
Ijyb is lightly wounded.
Ijyb shouts!
Ijyb zaps a wand.
The bolt of lightning hits you!
Ouch! That really hurt!
You die...

..##.# ####......##.#
..##.# #......##.#
..##.# #......##.#
..+..# #......##.#
..#### #......##.# ..#
#....).##.# ..#
#......##.#
..#####**###########.#
.......,,g......@....#
######################
............#
####..###)###
........#.#
#######.#.# #.....#.#
#.###.#.# #.# #.#.#


You could see Ijyb.

Vanquished Creatures
  An adder (D:2)
  A worm (D:2)
  A dart slug (D:1)
  A giant gecko (D:1)
  2 ball pythons
  4 goblins
  5 hobgoblins (D:1)
  5 bats
  A giant newt (D:1)
  6 kobolds
  8 rats
35 creatures vanquished.

Notes
Turn   | Place    | Note
--------------------------------------------------------------
     0 | D:1      | Kidiri the Deep Elf Fire Elementalist began the quest for the Orb.
     0 | D:1      | Reached XP level 1. HP: 10/10 MP: 6/6
   232 | D:1      | Reached XP level 2. HP: 15/15 MP: 6/8
   236 | D:1      | Learned a level 2 spell: Throw Flame
   923 | D:2      | Reached XP level 3. HP: 19/19 MP: 3/10
   928 | D:2      | Learned a level 3 spell: Conjure Flame
   932 | D:2      | Learned a level 3 spell: Inner Flame
  1517 | D:2      | Reached skill level 4 in Spellcasting
  1644 | D:2      | Noticed Ijyb
  1645 | D:2      | Killed from afar by Ijyb

Vault maps used:
D:1:      lightli_arrival_statuegarden, hex_medium, nrook_loot_triangle
D:2:      uniq_iyjb

Skill      XL: |  1  2  3 |
---------------+----------+-----
Conjurations   | 2 |  2.3
Spellcasting   | 4 |  4.0
Dodging        | |  2.4
Stealth        | |  2.4
Fire Magic     | |  3.8

Action                   || total
-------------------------++-------
Melee: Dagger            ||     7
 Cast: Flame Tongue      ||    29
       Throw Flame       ||    21
  Use: Scroll            ||     9
 Stab: Sleeping          ||     1
  Eat: Chunk             ||     2
Dodge: Dodged            ||    17
